[Event "Titled Tuesday Blitz December 13 Early 2022"]
[White "Skliarov, Viktor"]
[Black "Vidit, Santosh Gujrathi"]
[WhiteFideId "14106736"]
[BlackFideId "5029465"]
[WhiteElo "2284"]
[BlackElo "2669"]
[Result "0-1"]
[Round "04"]
[TimeControl "180+1"]
[Date "2022.12.13"]
[WhiteClock "0:00:09"]
[BlackClock "0:00:21"]

1. e4 c6 2. d4 d5 3. e5 Bf5 4. Nf3 e6 5. Be2 Ne7 6. O-O h6 7. a4 Nd7 8. a5 c5 9. a6 b6 10. Na3 Nc6 11. c4 Be4 12. Nb5 dxc4 13. Bxc4 cxd4 14. Nbxd4 Ndxe5 15. Nxe5 Qxd4 16. Qxd4 Nxd4 17. Be3 b5 18. Bxd4 bxc4 19. Nxc4 f6 20. Rfe1 Bd5 21. Ne3 Bb3 22. Rac1 Bb4 23. Bc3 Be7 24. Nc2 Kf7 25. Nd4 Bd5 26. Re3 Bc5 27. Ree1 Rhc8 28. h3 Rab8 29. b4 Bb6 30. Bb2 e5 31. Nf5 Rd8 0-1


[Site "https://www.chess.com"]

[Event "Titled Tuesday Blitz December 13 Early 2022"]
[White "So, Wesley"]
[Black "Pichot, Alan"]
[WhiteFideId "5202213"]
[BlackFideId "110973"]
[WhiteElo "2763"]
[BlackElo "2561"]
[Result "1/2-1/2"]
[Round "04"]
[TimeControl "180+1"]
[Date "2022.12.13"]
[WhiteClock "0:00:14"]
[BlackClock "0:00:12"]

1. e4 c5 2. Nf3 e6 3. g3 Nc6 4. Bg2 Nf6 5. Nc3 d6 6. d4 cxd4 7. Nxd4 Bd7 8. Ndb5 Qb8 9. g4 h6 10. h4 a6 11. g5 hxg5 12. hxg5 Rxh1+ 13. Bxh1 Nxe4 14. Nxe4 axb5 15. Bf4 Ne5 16. Qe2 Bc6 17. Kf1 d5 18. Nc3 Bd6 19. Nxb5 Bxb5 20. Qxb5+ Nc6 21. Bd2 g6 22. c4 Kf8 23. cxd5 Nd4 24. Qd3 e5 25. Bg2 Qc8 26. Bc3 Qg4 27. Qh3 Qe2+ 28. Kg1 Kg7 29. Re1 Rh8 30. Qg3 Qxe1+ 31. Bxe1 Ne2+ 32. Kf1 Nxg3+ 33. fxg3 Ra8 34. a3 b5 35. Ke2 Ra4 36. Bh3 Re4+ 37. Kf2 Rd4 38. Bg2 Rg4 39. Bf3 Rxg5 40. Bd2 Rf5 41. g4 Rf6 42. Bg5 Be7 43. Bxf6+ Kxf6 44. Be2 b4 45. a4 Bc5+ 46. Kf3 Ke7 47. Ke4 Kd6 48. g5 Bd4 49. b3 Bc5 50. a5 Bd4 51. a6 Ba7 52. Bb5 Bd4 53. Be8 Ke7 54. Bb5 Kd6 55. Ba4 Ke7 56. Bc6 Kd6 57. Bb7 Ke7 58. Kd3 Kd6 59. Bc6 Ke7 60. Kc4 Kd6 61. Kxb4 e4 62. Kc4 Bb6 63. b4 e3 64. Kd3 Ba7 65. Ke2 Ke5 66. b5 Bb6 67. Be8 Kxd5 68. Bxf7+ Ke5 69. Bxg6 Kf4 70. Kd3 Kxg5 71. Be8 Kf4 72. Bh5 Ke5 73. Kc4 Kd6 74. Be2 Ba7 75. Kd3 Bb6 76. Kc4 Ba7 77. Kd3 Bb6 78. Ke4 Ba7 79. Kf5 Bb6 80. Kf6 Kc7 81. Ke7 Ba7 82. Ke8 Bb6 83. Ke7 Ba7 84. Ke6 Bb6 85. Kd5 Ba7 86. Kc4 Bb6 87. Kb4 Kd6 88. Kc4 1/2-1/2


[Site "https://www.chess.com"]

[Event "Titled Tuesday Blitz December 13 Early 2022"]
[White "Sonnenschein, Philipp"]
[Black "Weetik, Vjacheslav"]
[WhiteFideId "16250877"]
[BlackFideId "4153472"]
[WhiteElo "2224"]
[BlackElo "2469"]
[Result "1/2-1/2"]
[Round "04"]
[TimeControl "180+1"]
[Date "2022.12.14"]
[WhiteClock "0:00:07"]
[BlackClock "0:00:06"]

1. d4 d5 2. c4 e6 3. Nf3 Nf6 4. g3 Bb4+ 5. Bd2 a5 6. Bg2 dxc4 7. Qc2 Nc6 8. Qxc4 Qd5 9. Qxd5 exd5 10. O-O O-O 11. Bf4 Bd6 12. Bxd6 cxd6 13. Nc3 Be6 14. e3 Rac8 15. Ng5 Rfd8 16. Rac1 h6 17. Nxe6 fxe6 18. a3 Kf7 19. Rc2 Na7 20. Rfc1 Ke7 21. Bf1 Ne4 22. Nb5 Rxc2 23. Rxc2 Rc8 24. Rxc8 Nxc8 25. Bd3 Nb6 26. Bxe4 dxe4 27. b3 a4 28. bxa4 Nxa4 29. f3 d5 30. fxe4 dxe4 31. Kf2 Kd7 32. Ke2 Kc6 33. Na7+ Kd5 34. Nb5 b6 35. Kd2 Kc6 36. Nc3 Nxc3 37. Kxc3 Kb5 38. Kb3 Ka5 39. a4 b5 40. axb5 Kxb5 41. Kc3 g6 42. g4 Kb6 43. Kb4 Kc6 44. Kc4 Kd6 45. Kb4 Kc6 46. Kc4 Kd6 47. Kb5 Kd5 48. Kb4 Kd6 49. Kc4 Kc6 50. h4 Kd6 51. Kb5 Kd5 52. Kb4 h5 53. gxh5 gxh5 54. Kb5 e5 55. dxe5 Kxe5 56. Kc5 Kf5 57. Kd5 Kg4 58. Kxe4 Kxh4 59. Kf3 Kg5 60. Kg3 Kf5 61. Kh4 Ke4 62. Kxh5 Kxe3 1/2-1/2


[Site "https://www.chess.com"]

[Event "Titled Tuesday Blitz December 13 Early 2022"]
[White "Steinberg, Nitzan"]
[Black "Firouzja, Alireza"]
[WhiteFideId "2801795"]
[BlackFideId "12573981"]
[WhiteElo "2491"]
[BlackElo "2904"]
[Result "0-1"]
[Round "04"]
[TimeControl "180+1"]
[Date "2022.12.13"]
[WhiteClock "0:00:02"]
[BlackClock "0:00:12"]

1. e4 e6 2. d4 d5 3. exd5 exd5 4. Nf3 Nc6 5. Bb5 Bd6 6. c4 a6 7. Bxc6+ bxc6 8. c5 Be7 9. O-O Nf6 10. Ne5 Bd7 11. Qa4 Qc8 12. Re1 O-O 13. Nc3 Re8 14. Bg5 h6 15. Bh4 a5 16. Re2 Ne4 17. Nxe4 Bxh4 18. Nc3 Bf6 19. Rae1 Bxe5 20. Rxe5 Rxe5 21. Rxe5 Qa6 22. Re3 Rb8 23. Qc2 Qc4 24. Re7 Be6 25. Qd2 Rb4 26. Rxc7 Qxd4 27. Qxd4 Rxd4 28. Rxc6 Rd2 29. h3 d4 30. Ne4 Rxb2 31. Rd6 Rxa2 32. Rxd4 a4 33. c6 a3 34. Nc5 Ra1+ 35. Kh2 a2 36. Ra4 Rc1 37. Nxe6 a1=Q 38. Rxa1 Rxa1 39. Nd4 Rc1 40. Kg3 Rc4 41. Kf4 Rxd4+ 42. Ke5 Rc4 43. Kd6 Kf8 44. Kd7 Rd4+ 45. Kc7 Ke7 0-1


[Site "https://www.chess.com"]

[Event "Titled Tuesday Blitz December 13 Early 2022"]
[White "Szpar, Milosz"]
[Black "Miller, Luke C"]
[WhiteFideId "1184989"]
[BlackFideId "2096935"]
[WhiteElo "2455"]
[BlackElo "2509"]
[Result "1-0"]
[Round "04"]
[TimeControl "180+1"]
[Date "2022.12.14"]
[WhiteClock "0:00:08"]
[BlackClock "0:00:11"]

1. e4 c5 2. c3 e6 3. d4 d5 4. e5 Nc6 5. Nf3 Qb6 6. a3 c4 7. Nbd2 Bd7 8. Be2 f6 9. O-O fxe5 10. Nxe5 Nxe5 11. dxe5 Ne7 12. b4 cxb3 13. Nxb3 Ba4 14. Rb1 Rc8 15. Be3 Qc7 16. Qd4 Bd7 17. Qg4 Nf5 18. Bd4 Be7 19. Qh5+ g6 20. Qh3 O-O 21. Bd3 Bxa3 22. g4 Nxd4 23. cxd4 Qc3 24. Qe3 Ba4 25. Nd2 b6 26. h4 Bc2 27. Bxc2 Qxe3 28. fxe3 Rxc2 29. Rxf8+ Bxf8 30. Nf3 Rc6 31. h5 a5 32. Kf2 a4 33. hxg6 hxg6 34. Ke2 a3 35. Kd3 b5 36. Rxb5 Ra6 37. Rb1 Bb4 38. Kc2 a2 39. Ra1 Rc6+ 40. Kb3 Be7 41. Rxa2 Kf7 42. Ra7 Ke8 43. Ng5 Rc8 44. Nf3 Rb8+ 45. Kc2 Kf7 46. Kd3 Rc8 47. Ng5+ Ke8 48. Nxe6 Rb8 49. Nc7+ Kd8 50. Nxd5 Rb3+ 51. Ke4 Rb1 52. Nxe7 Rg1 53. Nc6+ Kc8 54. Kd5 1-0


[Site "https://www.chess.com"]

[Event "Titled Tuesday Blitz December 13 Early 2022"]
[White "Taboas Rodriguez, Daniel"]
[Black "Urazayev, Arystanbek"]
[WhiteFideId "2208466"]
[BlackFideId "13709810"]
[WhiteElo "2329"]
[BlackElo "2463"]
[Result "1-0"]
[Round "04"]
[TimeControl "180+1"]
[Date "2022.12.14"]
[WhiteClock "0:00:15"]
[BlackClock "0:00:03"]

1. d4 Nf6 2. Nf3 g6 3. c4 Bg7 4. Nc3 O-O 5. e4 d6 6. Be2 e5 7. dxe5 dxe5 8. Qxd8 Rxd8 9. Bg5 Re8 10. Nd5 Nxd5 11. cxd5 c6 12. Bc4 b5 13. Bb3 Bb7 14. Rc1 cxd5 15. Rc7 Bc6 16. O-O a5 17. exd5 Bd7 18. d6 a4 19. Bd5 Ra6 20. Rd1 Bf8 21. Be7 Bxe7 22. dxe7 Rxe7 23. Ng5 Kg7 24. Nxf7 Rxf7 25. Bxf7 Kxf7 26. Rb7 Ra8 27. Rdxd7+ Nxd7 28. Rxd7+ Ke6 29. Rxh7 Rc8 30. g3 Rc2 31. b3 Rxa2 32. bxa4 bxa4 33. Rg7 Kf6 34. Ra7 e4 35. Ra5 a3 36. h4 Ke6 37. g4 Kf6 38. Kf1 Ra1+ 39. Kg2 Kg7 40. g5 Kf7 41. Ra6 Kg7 42. Ra7+ Kf8 43. Kg3 a2 44. Kf4 e3 45. Kf3 exf2 46. Kxf2 Rh1 47. Ra8+ Ke7 48. Ra6 1-0


[Site "https://www.chess.com"]

[Event "Titled Tuesday Blitz December 13 Early 2022"]
[White "Talibov, Shiroghlan"]
[Black "Djokic, Mihailo"]
[WhiteFideId "13429078"]
[BlackFideId "976440"]
[WhiteElo "2261"]
[BlackElo "2294"]
[Result "0-1"]
[Round "04"]
[TimeControl "180+1"]
[Date "2022.12.14"]
[WhiteClock "0:00:12"]
[BlackClock "0:00:01"]

1. Nf3 Nf6 2. Nc3 d5 3. d4 Bf5 4. Bf4 e6 5. Nb5 Na6 6. e3 c6 7. Nc3 Bb4 8. Bd3 Ne4 9. Bxe4 Bxe4 10. O-O Bxc3 11. bxc3 Qa5 12. Nd2 Qxc3 13. Nxe4 dxe4 14. Qg4 O-O 15. Bh6 g6 16. Bxf8 f5 17. Qh4 Rxf8 18. Qe7 Rf7 19. Qxe6 Qxc2 20. Rab1 Kg7 21. Qe5+ Kg8 22. Qe6 Kg7 23. Qc8 Rc7 24. Qa8 b5 25. Rbc1 Qxa2 26. Rxc6 Rxc6 27. Qxc6 b4 28. d5 b3 29. d6 b2 30. Qb7+ Kh6 31. d7 Nc5 32. Qxb2 Qxb2 33. d8=Q Qe5 34. h4 Kg7 35. Rc1 h5 36. Qa8 Qe7 37. Qd5 Ne6 38. Qe5+ Kf7 39. Rc6 Nd8 40. Qd5+ Ne6 41. Qe5 Qf6 42. Qd5 Qa1+ 43. Kh2 Qf6 44. g3 Qe7 45. Rd6 Kf6 0-1


[Site "https://www.chess.com"]

[Event "Titled Tuesday Blitz December 13 Early 2022"]
[White "Tarasova, Viktoriya"]
[Black "Ramu, K."]
[WhiteFideId "4175840"]
[BlackFideId "5006171"]
[WhiteElo "2182"]
[BlackElo "2126"]
[Result "1-0"]
[Round "04"]
[TimeControl "180+1"]
[Date "2022.12.14"]
[WhiteClock "0:00:16"]
[BlackClock "0:00:12"]

1. d4 Nf6 2. c4 g6 3. Nc3 Bg7 4. e4 d6 5. h3 Nbd7 6. Be3 O-O 7. g4 e5 8. d5 c6 9. Be2 cxd5 10. cxd5 Nb6 11. Qc2 Bd7 12. Bd3 Rc8 13. Nge2 Na4 14. Qd2 Nxc3 15. Nxc3 Ne8 16. g5 f6 17. gxf6 Qxf6 18. O-O-O b5 19. Kb1 a6 20. Rc1 b4 21. Ne2 a5 22. h4 Nc7 23. h5 Nb5 24. hxg6 hxg6 25. Rcg1 Nd4 26. Bxd4 exd4 27. f4 Rc3 28. bxc3 dxc3 29. Qc2 Rc8 30. e5 dxe5 31. Rxg6 Qe7 32. Rhg1 exf4 33. Rxg7+ Qxg7 34. Rxg7+ Kxg7 35. Nxf4 Bg4 36. Qg2 Kf6 37. Qxg4 Ke7 38. Qxc8 Kd6 39. Qc6+ Ke5 40. d6 Kd4 41. d7 Ke3 42. d8=Q c2+ 43. Bxc2 b3 44. axb3 a4 45. Qd3+ Kf2 46. Qc5+ Ke1 47. Qce3# 1-0


[Site "https://www.chess.com"]

[Event "Titled Tuesday Blitz December 13 Early 2022"]
[White "Tarlabasi, Emirhan"]
[Black "Baches Garcia, Guillermo"]
[WhiteFideId "6350275"]
[BlackFideId "2209764"]
[WhiteElo "2200"]
[BlackElo "2465"]
[Result "1-0"]
[Round "04"]
[TimeControl "180+1"]
[Date "2022.12.14"]
[WhiteClock "0:00:50"]
[BlackClock "0:00:32"]

1. Nf3 Nf6 2. c4 e6 3. b3 d5 4. Bb2 Be7 5. g3 O-O 6. Bg2 b6 7. O-O Bb7 8. d4 Nbd7 9. Nc3 a6 10. Qc2 Bd6 11. Nd2 c5 12. cxd5 cxd4 13. Nce4 Nxe4 14. Nxe4 Nf6 15. dxe6 Bxe4 16. Bxe4 Rc8 17. exf7+ Rxf7 18. Qd3 Nxe4 19. Qxe4 Bc5 20. Rad1 Qe8 21. Qg4 Rd8 22. Bxd4 h5 23. Qh4 Qxe2 24. Qxd8+ 1-0


[Site "https://www.chess.com"]

[Event "Titled Tuesday Blitz December 13 Early 2022"]
[White "Tarnowska, Aleksandra"]
[Black "Omariev, Maksim"]
[WhiteFideId "1180967"]
[BlackFideId "4193423"]
[WhiteElo "1776"]
[BlackElo "2401"]
[Result "0-1"]
[Round "04"]
[TimeControl "180+1"]
[Date "2022.12.14"]
[WhiteClock "0:00:01"]
[BlackClock "0:00:09"]

1. e4 g5 2. d4 h6 3. f4 Bg7 4. Nc3 c5 5. dxc5 Qa5 6. Bd2 Qxc5 7. fxg5 hxg5 8. Qf3 Nc6 9. O-O-O Nd4 10. Qe3 g4 11. Nge2 d6 12. Nxd4 Bxd4 13. Bb5+ Kf8 14. Qd3 a6 15. Ba4 Nf6 16. Bb3 Bd7 17. Bf4 Bxc3 18. Qxc3 Qxc3 19. bxc3 Nxe4 20. Rdf1 e6 21. h3 gxh3 22. gxh3 Ke7 23. Kb2 Rac8 24. Rf3 e5 25. Be3 f5 26. Rg1 f4 27. Rg7+ Kd8 28. Bb6+ Ke8 29. Rf1 Bb5 30. Rfg1 Bc4 31. Ba4+ Kf8 32. R7g6 Kf7 0-1


[Site "https://www.chess.com"]

[Event "Titled Tuesday Blitz December 13 Early 2022"]
[White "Tatarinov, Dmitry"]
[Black "Royal, Shreyas"]
[WhiteFideId "24160067"]
[BlackFideId "448869"]
[WhiteElo "2326"]
[BlackElo "2331"]
[Result "0-1"]
[Round "04"]
[TimeControl "180+1"]
[Date "2022.12.14"]
[WhiteClock "0:00:18"]
[BlackClock "0:00:54"]

1. d4 d5 2. c4 c6 3. Nf3 Nf6 4. Nc3 e6 5. e3 Nbd7 6. Bd3 Bd6 7. O-O dxc4 8. Bxc4 O-O 9. b3 b5 10. Be2 a6 11. Bb2 Bb7 12. Rc1 Qe7 13. a4 b4 14. Nb1 c5 15. Nbd2 Rac8 16. Nc4 Bb8 17. Na5 Bd5 18. Bxa6 Qd6 19. dxc5 Qxa6 20. Nc4 Rxc5 21. Nfd2 Qb7 22. f3 Qc7 23. g3 Rd8 24. Qe2 Bxc4 25. Nxc4 Nb6 26. Bd4 Nxc4 27. Bxc5 Rd2 28. Qxc4 Rxh2 29. f4 Rh3 30. Bd4 Rxg3+ 31. Kf2 Ne4+ 32. Ke2 Rg2+ 33. Kd3 f5 34. Qxc7 Rd2+ 35. Kc4 Bxc7 36. Kb5 Bd6 37. Rc8+ Kf7 38. a5 Be7 39. a6 Nd6+ 40. Kb6 Nxc8+ 41. Kb7 Nd6+ 42. Kb8 Nb5 43. a7 Bd6+ 44. Kb7 Nxa7 45. Kxa7 h5 46. Ka6 h4 47. Kb5 h3 48. Kc6 Be7 49. Kb5 h2 50. Kc4 Rg2 51. Rh1 g5 52. fxg5 Bd6 53. Bc5 Bb8 54. Bxb4 Rg1 55. Rxh2 Bxh2 56. Bc5 Rc1+ 57. Kd4 Be5+ 58. Kxe5 Rxc5+ 59. Kd6 0-1


[Site "https://www.chess.com"]

[Event "Titled Tuesday Blitz December 13 Early 2022"]
[White "Terzi, Alexei"]
[Black "Sargissyan, Sargis"]
[WhiteFideId "13505076"]
[BlackFideId "13303210"]
[WhiteElo "2172"]
[BlackElo "2109"]
[Result "1/2-1/2"]
[Round "04"]
[TimeControl "180+1"]
[Date "2022.12.14"]
[WhiteClock "0:00:25"]
[BlackClock "0:00:31"]

1. e4 e5 2. Nf3 Nc6 3. Bb5 a6 4. Ba4 Nf6 5. d3 b5 6. Bb3 Be7 7. a4 b4 8. Bd5 Nxd5 9. exd5 Nd4 10. Nxe5 d6 11. Nc6 Nxc6 12. dxc6 O-O 13. O-O Be6 14. Qf3 d5 15. Bf4 Qe8 16. Nd2 Qxc6 17. Rfc1 Qd7 18. Be5 f6 19. Bf4 c5 20. Re1 Rfe8 21. h3 Bf8 22. b3 Bf7 23. Qg3 Rxe1+ 24. Rxe1 Re8 25. Rxe8 Qxe8 26. Qe3 g5 27. Bg3 Qxe3 28. fxe3 Kg7 29. e4 Kg6 30. Bc7 f5 31. exf5+ Kxf5 32. g4+ Ke6 33. Kf2 Bg7 34. Nf3 h6 35. Bb8 Kd7 36. Be5 Bf8 37. Bb2 Be6 38. Ne5+ Kc7 39. Ng6 Bd6 40. Be5 c4 41. Bxd6+ Kxd6 42. d4 cxb3 43. cxb3 Bd7 44. Ne5 Be8 45. Kg3 a5 46. h4 Ke6 47. hxg5 hxg5 48. Kf2 Kd6 49. Ke3 Ke6 50. Kd2 Kd6 51. Nf3 Bd7 52. Nxg5 Bxg4 53. Nf7+ Kc7 54. Ne5 Bf5 55. Nf3 Kd6 56. Ne1 Be4 57. Nd3 Bxd3 58. Kxd3 Ke6 59. Ke3 Kf5 60. Kf3 Kg5 61. Kg3 Kf5 62. Kf3 Kg5 63. Kg3 Kf5 64. Kf3 1/2-1/2


[Site "https://www.chess.com"]

[Event "Titled Tuesday Blitz December 13 Early 2022"]
[White "Tharushi, T H D Niklesha"]
[Black "Fernandez Siles, Luis"]
[WhiteFideId "9918264"]
[BlackFideId "2209420"]
[WhiteElo "1596"]
[BlackElo "2186"]
[Result "0-1"]
[Round "04"]
[TimeControl "180+1"]
[Date "2022.12.14"]
[WhiteClock "0:00:02"]
[BlackClock "0:00:16"]

1. e4 c5 2. Nf3 Nc6 3. d4 cxd4 4. Nxd4 Nf6 5. Nc3 e5 6. Ndb5 d6 7. Nd5 Nxd5 8. exd5 Nb8 9. a4 Be7 10. a5 O-O 11. Bd3 f5 12. c4 Nd7 13. O-O a6 14. Nc3 e4 15. Bc2 Ne5 16. b3 Bf6 17. Bb2 Bd7 18. Na4 Bxa4 19. Rxa4 Qd7 20. Rb4 Rae8 21. Ba3 Ng6 22. Rb6 Be5 23. c5 Rf6 24. c6 bxc6 25. dxc6 Qe6 26. b4 d5 27. Bb3 Nf4 28. g3 Rh6 29. gxf4 Qg6+ 30. Kh1 Bxf4 31. Qxd5+ Kh8 32. Qf7 Rxh2# 0-1


[Site "https://www.chess.com"]

[Event "Titled Tuesday Blitz December 13 Early 2022"]
[White "Thiel, Thomas"]
[Black "Balint, Vilmos"]
[WhiteFideId "4615964"]
[BlackFideId "718050"]
[WhiteElo "2217"]
[BlackElo "2183"]
[Result "0-1"]
[Round "04"]
[TimeControl "180+1"]
[Date "2022.12.14"]
[WhiteClock "0:00:01"]
[BlackClock "0:01:25"]

1. e4 e5 2. Nf3 Nc6 3. d4 exd4 4. Nxd4 Bc5 5. Nb3 Bb6 6. Nc3 d6 7. Qe2 Be6 8. Be3 Qd7 9. O-O-O Nge7 10. Nd5 O-O 11. Qb5 Bxd5 12. exd5 Bxe3+ 13. fxe3 Ne5 14. Qxd7 Nxd7 15. c4 b6 16. Nd4 Ne5 17. Nf3 Ng4 18. Re1 Rfe8 19. h3 Nf2 20. Rh2 Ne4 21. Bd3 Nf5 22. g4 Nfg3 23. Bxe4 Nxe4 24. Nd2 Nc5 25. Kc2 a5 26. e4 Re5 27. Rhe2 Rae8 28. b3 h5 29. a3 hxg4 30. hxg4 Rg5 31. b4 axb4 32. axb4 Na6 33. Kc3 Rxg4 34. Re3 Nb8 35. e5 dxe5 36. Rxe5 Rxe5 37. Rxe5 Kf8 38. Re3 Nd7 39. b5 f6 40. Nb3 Ne5 0-1


[Site "https://www.chess.com"]

[Event "Titled Tuesday Blitz December 13 Early 2022"]
[White "Todorovic, Bojan"]
[Black "Santos Flores, Alberto"]
[WhiteFideId "917087"]
[BlackFideId "3601234"]
[WhiteElo "2266"]
[BlackElo "2235"]
[Result "1/2-1/2"]
[Round "04"]
[TimeControl "180+1"]
[Date "2022.12.14"]
[WhiteClock "0:00:05"]
[BlackClock "0:00:04"]

1. d4 d5 2. c4 c6 3. Nf3 Nf6 4. Nc3 dxc4 5. a4 Bf5 6. Ne5 e6 7. e3 Bb4 8. Bxc4 Nbd7 9. Nxd7 Qxd7 10. O-O O-O 11. Bd2 Qe7 12. Qb3 a5 13. Rfd1 Rad8 14. Nb1 Ne4 15. Bxb4 Qxb4 16. Qxb4 axb4 17. Nd2 Nf6 18. f3 Bg6 19. Nb3 Rfe8 20. e4 Nd7 21. Nc5 Nxc5 22. dxc5 Kf8 23. Kf2 Ke7 24. a5 Rxd1 25. Rxd1 Ra8 26. Ra1 e5 27. a6 bxa6 28. Rxa6 Rxa6 29. Bxa6 f6 30. Ke3 Bf7 31. Kd3 h6 32. Bc4 Be8 33. Kc2 Kd8 34. Kb3 Kc7 35. Kxb4 Bd7 36. Ka5 Bc8 37. b4 Bd7 38. b5 cxb5 39. Bxb5 Be6 40. Kb4 Bf7 41. Bc4 Be8 42. Bd5 Bd7 43. Kc3 Bb5 44. Kd2 Bf1 45. g3 Kb8 46. Ke3 Ka7 47. f4 Bh3 48. fxe5 fxe5 49. Kf3 Bc8 50. h4 Ka6 51. Ke3 Kb5 52. c6 Kc5 53. Kd3 Kb6 54. Kc4 Ba6+ 55. Kb4 Bc8 56. Kb3 Ba6 57. Kc3 Bc8 58. Kb4 Ba6 59. Kc3 Bc8 60. Kd3 Ba6+ 61. Ke3 Bc8 62. Kf3 Kc7 63. g4 g5 64. hxg5 hxg5 65. Kg3 Kd6 66. Kf3 Kc7 67. Kg3 Kd6 68. Kf3 Ba6 69. Ke3 Bb5 70. Kd2 Bxc6 71. Bxc6 Kxc6 72. Kc2 Kb6 73. Kb2 Ka6 74. Ka2 Kb6 75. Kb2 Kc6 76. Kc2 Kb6 77. Kb2 1/2-1/2


[Site "https://www.chess.com"]

[Event "Titled Tuesday Blitz December 13 Early 2022"]
[White "Tomaszewski, Kacper"]
[Black "Sankalan Shah"]
[WhiteFideId "1127373"]
[BlackFideId "25600362"]
[WhiteElo "2211"]
[BlackElo "2118"]
[Result "1-0"]
[Round "04"]
[TimeControl "180+1"]
[Date "2022.12.14"]
[WhiteClock "0:00:05"]
[BlackClock "0:00:05"]

1. Nf3 Nf6 2. c4 e6 3. Nc3 d5 4. cxd5 exd5 5. d4 c6 6. Bf4 Be7 7. e3 O-O 8. Bd3 h6 9. h3 Re8 10. Qc2 Nbd7 11. O-O-O c5 12. dxc5 Nxc5 13. Bb5 Bd7 14. Bxd7 Qxd7 15. Kb1 Rac8 16. Ne5 Qd8 17. Qf5 Bd6 18. Nxd5 Bxe5 19. Bxe5 Nxd5 20. e4 Qe7 21. Rxd5 f6 22. Bd4 Nxe4 23. Be3 Qb4 24. Ka1 Rc2 25. Rb1 Rec8 26. Rd4 Nd6 27. Qxc8+ Rxc8 28. Rxb4 b6 29. Rb3 Nc4 30. Bf4 Rc6 31. Rc1 1-0


[Site "https://www.chess.com"]

[Event "Titled Tuesday Blitz December 13 Early 2022"]
[White "Topalov, Aleksandar"]
[Black "Seo, Jung Min"]
[WhiteFideId "925659"]
[BlackFideId "1734687"]
[WhiteElo "2151"]
[BlackElo "2457"]
[Result "0-1"]
[Round "04"]
[TimeControl "180+1"]
[Date "2022.12.14"]
[WhiteClock "0:00:03"]
[BlackClock "0:01:07"]

1. b3 d5 2. Bb2 Bf5 3. Nf3 Nf6 4. g3 Nbd7 5. Bg2 h6 6. O-O e6 7. d3 c6 8. Nbd2 Be7 9. e4 Bh7 10. Qe2 O-O 11. Kh1 a5 12. a3 Qc7 13. Ng1 dxe4 14. dxe4 e5 15. Bh3 b5 16. Ngf3 Bd6 17. Nh4 Rfe8 18. Nf5 Bf8 19. f3 a4 20. b4 c5 21. bxc5 Qxc5 22. c4 b4 23. axb4 Qxb4 24. Ba3 Qa5 25. Bxf8 Rxf8 26. Ra3 Nc5 27. Ne3 Rfb8 28. Rfa1 Rb2 29. R1a2 Rab8 30. Nd1 Rxa2 31. Rxa2 Rd8 32. Ne3 Qc3 33. Nd5 Nxd5 34. cxd5 f5 35. Bxf5 Bxf5 36. exf5 Rxd5 37. Qc4 Qxc4 38. Nxc4 Kf7 39. Kg2 Kf6 40. g4 Rd4 41. Nd2 Ke7 42. h4 Kd6 43. Kf2 Kd5 44. Ke2 h5 45. gxh5 Rxh4 46. Ke3 Rf4 47. Ne4 Nxe4 0-1


[Site "https://www.chess.com"]

[Event "Titled Tuesday Blitz December 13 Early 2022"]
[White "Tristan, Leonardo"]
[Black "Roebers, Jan"]
[WhiteFideId "113816"]
[BlackFideId "1007815"]
[WhiteElo "2461"]
[BlackElo "2138"]
[Result "1/2-1/2"]
[Round "04"]
[TimeControl "180+1"]
[Date "2022.12.14"]
[WhiteClock "0:00:26"]
[BlackClock "0:00:13"]

1. d4 d5 2. Nf3 Nf6 3. Bf4 e6 4. e3 c5 5. Nbd2 cxd4 6. exd4 Nc6 7. c3 Be7 8. Bd3 O-O 9. O-O Nh5 10. Be3 Nf6 11. Ne5 Nxe5 12. dxe5 Nd7 13. f4 f5 14. exf6 Nxf6 15. Nf3 h6 16. Ne5 Ne4 17. Qc2 Bf6 18. Bxe4 dxe4 19. Qxe4 Qd5 20. Qxd5 exd5 21. Nf3 Re8 22. Bd4 Bg4 23. Bxf6 Bxf3 24. Rxf3 gxf6 25. Rd1 Re2 26. Rf2 Rae8 27. Rxd5 Re1+ 28. Rf1 R1e2 29. Rfd1 Rxb2 30. Rd8 Rxd8 31. Rxd8+ Kf7 32. f5 Ke7 33. Rh8 Kd6 34. Rxh6 Ke5 35. g4 Rxa2 36. Rg6 a5 37. Rg7 Kf4 38. h3 Kf3 39. h4 Ra1+ 40. Kh2 Ra2+ 41. Kh3 Ra1 42. Kh2 Ra2+ 43. Kg1 Ra1+ 44. Kh2 1/2-1/2


[Site "https://www.chess.com"]

[Event "Titled Tuesday Blitz December 13 Early 2022"]
[White "Turzo, Attila"]
[Black "Rakhmanov, Aleksandr"]
[WhiteFideId "704954"]
[BlackFideId "4173708"]
[WhiteElo "2575"]
[BlackElo "2530"]
[Result "0-1"]
[Round "04"]
[TimeControl "180+1"]
[Date "2022.12.14"]
[WhiteClock "0:00:09"]
[BlackClock "0:00:21"]

1. d4 Nf6 2. c4 d6 3. Nf3 g6 4. Nc3 Bf5 5. e3 Bg7 6. Bd3 Bxd3 7. Qxd3 O-O 8. e4 Nbd7 9. O-O e5 10. d5 Nc5 11. Qc2 a5 12. Bg5 Qd7 13. Bxf6 Bxf6 14. b3 Be7 15. Ne1 f5 16. Nd3 Nxe4 17. Nxe4 fxe4 18. Nb2 Rf4 19. Rae1 Qg4 20. Nd1 Raf8 21. Nc3 R8f5 22. Nxe4 b6 23. Re3 Rf7 24. Qe2 Qc8 25. f3 Kg7 26. g3 R4f5 27. Rd3 h5 28. h4 g5 29. hxg5 Bxg5 30. Qg2 Bh6 31. Kf2 a4 32. b4 Qa6 33. b5 Qa5 34. a3 Qa8 35. Ke2 Qf8 36. Rf2 Qh8 37. Rd1 Qh7 38. Rh1 Qg6 39. Rh4 Kf8 40. g4 hxg4 41. Qxg4 Qxg4 42. Rxg4 Bc1 43. Nc3 Bxa3 44. Nxa4 Rh7 45. Nc3 Bc5 46. Rfg2 Rhf7 47. Ne4 Rxf3 48. Ng5 Rf2+ 49. Rxf2 Rxf2+ 50. Kd3 Ke7 51. Ne6 Kf6 52. Rg8 Rf3+ 53. Kd2 e4 54. Rf8+ Ke5 55. Rxf3 exf3 56. Nxc7 Kd4 57. Ne6+ Kxc4 58. Ke1 Kxd5 59. Ng5 f2+ 60. Ke2 Kc4 61. Ne4 Kxb5 62. Nxd6+ Bxd6 63. Kxf2 Ka4 64. Ke2 b5 65. Kd3 b4 66. Kc2 b3+ 67. Kb1 Ka3 68. Ka1 Be5+ 69. Kb1 b2 70. Kc2 Ka2 0-1


[Site "https://www.chess.com"]

[Event "Titled Tuesday Blitz December 13 Early 2022"]
[White "Urbina Perez, Juan Antonio"]
[Black "Stanisz, Patryk"]
[WhiteFideId "2217368"]
[BlackFideId "1123106"]
[WhiteElo "2197"]
[BlackElo "2069"]
[Result "1-0"]
[Round "04"]
[TimeControl "180+1"]
[Date "2022.12.14"]
[WhiteClock "0:00:07"]
[BlackClock "0:00:09"]

1. e4 c5 2. Nf3 Nc6 3. Bb5 g6 4. Bxc6 dxc6 5. d3 Bg7 6. h3 Nf6 7. Nc3 Nd7 8. Be3 e5 9. Qd2 h6 10. a3 Qe7 11. b4 b6 12. O-O f5 13. Qe2 cxb4 14. axb4 Qxb4 15. Bd2 Qe7 16. Rfe1 O-O 17. Na4 f4 18. c3 c5 19. d4 cxd4 20. cxd4 exd4 21. Nxd4 Ne5 22. Rab1 f3 23. Nxf3 Nxf3+ 24. gxf3 Bxh3 25. Nc3 Kh7 26. Nd5 Qh4 27. Rec1 Rac8 28. Qe3 Be5 29. f4 Qg4+ 30. Qg3 Qxg3+ 31. fxg3 Bd4+ 32. Kh2 Bg4 33. Bb4 Rfe8 34. e5 Kg7 35. Nf6 Rxc1 36. Rxc1 Rc8 37. Rxc8 Bxc8 38. Kg2 Bb7+ 39. Kf1 Bc5 40. Bc3 Bc6 41. e6 Kf8 42. Ng4 h5 43. Ne5 Bb5+ 44. Kg2 Ke7 45. Nxg6+ Kxe6 46. Kh3 Bc6 47. Nh4 Bd5 48. f5+ Kf7 49. Ng6 b5 50. Kh4 b4 51. Bb2 a5 52. Kxh5 a4 53. Ne5+ Ke8 54. Nd3 Bd6 55. Nxb4 Bf7+ 56. Kh6 Bxb4 57. g4 a3 58. Ba1 Bd2+ 59. Kg7 Bd5 60. f6 Bc1 61. g5 Bf7 62. g6 Bb2 63. gxf7+ Kd7 64. f8=Q Bxa1 65. Qxa3 Bb2 66. Qe7+ Kc6 67. Kg8 Kb5 68. f7 Kc4 69. f8=Q Kd3 70. Qb4 Kc2 71. Qf2+ Kb1 72. Qfxb2# 1-0


[Site "https://www.chess.com"]

[Event "Titled Tuesday Blitz December 13 Early 2022"]
[White "Valle Maytin, Luis Enrique"]
[Black "Arbunic Castro, Giovanna"]
[WhiteFideId "3503666"]
[BlackFideId "3400549"]
[WhiteElo "2225"]
[BlackElo "1935"]
[Result "1-0"]
[Round "04"]
[TimeControl "180+1"]
[Date "2022.12.14"]
[WhiteClock "0:00:16"]
[BlackClock "0:00:14"]

1. e4 g6 2. d4 Bg7 3. f4 c5 4. c3 d5 5. e5 cxd4 6. cxd4 Nc6 7. Nf3 Bg4 8. Bb5 e6 9. Nc3 Ne7 10. h3 Bxf3 11. Qxf3 a6 12. Bxc6+ Nxc6 13. Be3 Qb6 14. Qf2 O-O 15. O-O f6 16. Qe2 fxe5 17. fxe5 Nxe5 18. dxe5 d4 19. Na4 Qb4 20. Qg4 Qxa4 21. Bxd4 Rf5 22. Rxf5 exf5 23. Qh4 Re8 24. b3 Qb4 25. a3 Qxb3 26. Re1 Qc4 27. Qf2 b5 28. Kh1 a5 29. Bb2 b4 30. axb4 axb4 31. Qb6 b3 32. Qa7 Qc2 33. e6 Qxb2 34. Qf7+ 1-0


[Site "https://www.chess.com"]